 Dungeon Crawl Stone Soup version 0.18.1-48-g4cf74bf (webtiles) character file.

131 dvd the Digger (level 5, -3/42 HPs)
             Began as a Gargoyle Earth Elementalist on June 28, 2016.
             Was an Initiate of Vehumet.
             Shot with an arrow by a centaur warrior (8 damage)
             ... on level 6 of the Dungeon.
             The game lasted 00:03:27 (1290 turns).

dvd the Digger (Gargoyle Earth Elementalist)        Turns: 1290, Time: 00:03:28

Health: -3/42      AC: 22    Str: 12    XL:     5   Next: 14%
Magic:  0/10       EV:  2    Int: 16    God:    Vehumet [......]
Gold:   72         SH:  0    Dex: 10    Spells: 1 memorised, 9 levels left

rFire  . . .     SeeInvis .     b - 40 stones
rCold  . . .     Gourm    .     (armour currently unavailable)
rNeg   + + +     Faith    .     (no shield)
rPois  ∞         Spirit   .     (helmet currently unavailable)
rElec  .         Dismiss  .     (cloak currently unavailable)
rCorr  .         Reflect  .     (gloves currently unavailable)
SustAt .         Harm     .     (boots currently unavailable)
MR     .....     NoTele   +     (no amulet)
Stlth  ++........               (no ring)
                                (no ring)

@: tree-form, not resistant to hostile enchantments, unstealthy
A: negative energy resistance 1, (electricity resistance), (unbreathing),
petrification resistance, rot immunity, AC +4
a: Renounce Religion


You were on level 6 of the Dungeon.
You worshipped Vehumet.
Vehumet was noncommittal.
You were hungry.
You were a tree.
You visited 1 branch of the dungeon, and saw 4 of its levels.

You collected 72 gold pieces.

Inventory:

Hand Weapons
 g - a +0 dagger
Missiles
 b - 40 stones (in branch)
Armour
 a - a +0 robe (melded)
Scrolls
 e - a scroll of recharging {unknown}
 f - 2 scrolls of fear {unknown}
 j - a scroll of teleportation {unknown}
 m - a scroll of remove curse {unknown}
Potions
 k - a potion of curing {unknown}
 l - a potion of ambrosia {unknown}
Books
 c - a book of Geomancy

   Spells                             Type                      Level
   a - Sandblast                      Earth                        1
   b - Passwall                       Transmutation/Earth          2
   c - Stone Arrow                    Conjuration/Earth            3
   d - Petrify                        Transmutation/Earth          4
   e - Lee's Rapid Deconstruction     Earth                        5
Comestibles
 d - 2 bread rations
 h - a slice of pizza


   Skills:
 + Level 1.9 Dodging
 + Level 2.4 Stealth
 + Level 3.4 Spellcasting
   Level 0.7 Transmutations
 + Level 5.2 Earth Magic


You had 9 spell levels left.
You knew the following spells:

 Your Spells              Type           Power        Failure   Level  Hunger
a - Sandblast             Erth           ###...       1%          1    None


Dungeon Overview and Level Annotations

Branches:
Dungeon (3/15)

Altars:
Cheibriados
Gozag
Vehumet
Zin

Annotations:
D:2 Sigmund


Innate Abilities, Weirdness & Mutations

You are resistant to torment.
((Your stone body is resilient (AC +4).))
You are immune to poison.
You resist negative energy.
((You are resistant to electric shocks.))
((You can survive without breathing.))
You are immune to petrification.
You are immune to rotting.


Message History

The rocky blast hits the centaur warrior.
The centaur warrior shoots an arrow.
The arrow hits you!
Casting: Sandblast
Confirm with . or Enter, or press ? or * to list all spells.
Aiming: Sandblast
Press: ? - help, Shift-Dir - straight line, f/p - centaur warrior
Aim: a centaur warrior, wielding a longbow The rocky blast hits the centaur warrior.
The centaur warrior is lightly wounded.
The centaur warrior shoots an arrow.
The arrow hits you!
* * * LOW HITPOINT WARNING * * *
Casting: Sandblast
Confirm with . or Enter, or press ? or * to list all spells.
Aiming: Sandblast
Press: ? - help, Shift-Dir - straight line, f/p - centaur warrior
Aim: a centaur warrior, wielding a longbow (lightly wounded)
The rocky blast hits the centaur warrior.
The centaur warrior is lightly wounded.
The centaur warrior shoots an arrow.
The arrow hits you!
You die...

#####
#...########
#...♣.....=.
#...########
...#####(##
#.....c.#
#.#####.## #..#
##c######
#).....#
...)...........


You could see a centaur warrior.

Vanquished Creatures
  An ogre (D:6)
  An iguana (D:6)
  A giant cockroach (D:1)
  5 goblins
  2 hobgoblins (D:1)
  A quokka (D:1)
  4 bats
  2 giant newts
  4 rats (D:1)
21 creatures vanquished.

Notes
Turn   | Place    | Note
--------------------------------------------------------------
     0 | D:1      | dvd the Gargoyle Earth Elementalist began the quest for the Orb.
     0 | D:1      | Reached XP level 1. HP: 10/10 MP: 3/3
   258 | D:1      | Reached skill level 4 in Earth Magic
   279 | D:1      | Reached XP level 2. HP: 15/15 MP: 0/5
   669 | D:2      | Found a radiant altar of Vehumet.
   681 | D:2      | Became a worshipper of Vehumet
   822 | D:2      | Found a glowing silver altar of Zin.
   822 | D:2      | Found an opulent altar of Gozag.
   910 | D:2      | Noticed Sigmund
   994 | D:3      | Found a snail-covered altar of Cheibriados.
  1022 | D:3      | You fall through a shaft for 3 floors!
  1031 | D:6      | Reached XP level 3. HP: 5/19 MP: 0/7
  1272 | D:6      | Noticed an ogre
  1276 | D:6      | Noticed a centaur warrior
  1279 | D:6      | Killed an ogre
  1279 | D:6      | Reached skill level 5 in Earth Magic
  1279 | D:6      | Reached XP level 4. HP: 24/24 MP: 3/9
  1279 | D:6      | Reached XP level 5. HP: 28/28 MP: 3/10
  1290 | D:6      | Shot with an arrow by a centaur warrior

Skill      XL: |  1  2  3 |
---------------+----------+-----
Earth Magic    | 4 5 |  5.2
Spellcasting   | 3 |  3.4
Dodging        | |  1.9
Stealth        | |  2.4
Transmutations | |  0.7

Action                   |  1- 3 |  4- 6 || total
-------------------------+-------+-------++-------
Melee: Dagger            |     4 |       ||     4
 Cast: Sandblast         |    34 |     5 ||    39
  Use: Potion            |       |     1 ||     1
 Stab: Sleeping          |     3 |       ||     3
  Eat: Chunk             |     1 |       ||     1
Armor: Robe              |     1 |       ||     1
       Skin              |       |     1 ||     1
Dodge: Dodged            |    10 |       ||    10
